Map: Vestígio Bel'Shir LE (Void)

Players

DuckKiller - Winner!

  • Race: Zerg Zerg
  • League: Diamond
  • Spawn Location: 5:00

efelinto

  • Race: Protoss Protoss
  • League: Diamond
  • Spawn Location: 11:00

VOD

Have the link to the VOD?

Description

Time

  • Played on: April 26, 2017, 7:08 p.m.
  • Length: 9:02
Show
View Real Time Build Order
Export as new Build Order

DuckKiller Zerg - Winner!

Build Orders: Hatch First 

Get SALT Encoding   

  12  0:01  Drone  
  13  0:09  Drone  
  14  0:38  Hatchery  
  13  0:48  Spawning Pool  
  12  0:51  Extractor  
  12  0:55  Drone  
  12  0:59  Drone  
  13  1:04  Drone  
  14  1:15  Overlord  
  14  1:37  Drone x2  
  14  1:38  Queen  
  18  1:47  Zergling x2  
  18  1:50  Drone  
  18  1:53  Drone  
  21  2:06  Extractor  
  21  2:07  Drone, Extractor  
  20  2:09  Drone  
  20  2:15  Lair  
  21  2:19  Drone  
  22  2:29  Drone x2  
  24  2:35  Drone x2  
  26  2:38  Drone  
  27  2:49  Drone  
  28  2:56  Overlord  
  27  3:15  Spire  
  27  3:16  Overlord  
  26  3:21  Drone x2  
  26  3:25  Drone x2  
  30  3:35  Drone, Extractor  
  30  3:38  Queen  
  32  3:43  Overseer  
  32  3:45  Drone  
  34  3:48  Zergling x2  
  34  3:50  Drone  
  34  3:53  Drone  
  36  3:58  Drone  
  37  4:03  Drone  
  37  4:04  Drone x2  
  40  4:13  Drone x2  
  40  4:14  Drone x2  
  44  4:32  Zerg Flyer Weapons Level 1  
  44  4:37  Overlord  
  44  4:38  Overlord x2  
  44  4:46  Overlord  
  44  5:01  Drone x2  
  44  5:02  Drone  
  44  5:03  Drone  
  44  5:05  Drone x2  
  50  5:07  Drone  
  50  5:08  Mutalisk x2  
  50  5:09  Mutalisk x2  
  59  5:23  Mutalisk  
  61  5:28  Mutalisk  
  61  5:30  Mutalisk  
  65  5:36  Mutalisk  
  65  5:37  Mutalisk  
  65  5:40  Hatchery  
  68  5:47  Mutalisk  
  70  5:55  Mutalisk x3  
  76  6:06  Overlord  
  76  6:07  Overlord x2  
  76  6:08  Overlord x2  
  76  6:11  Spore Crawler  
  76  6:13  Spore Crawler  
  76  6:15  Mutalisk  
  72  6:33  Mutalisk  
  72  6:41  Mutalisk  
  72  6:42  Mutalisk x4  
  80  6:54  Mutalisk  
  82  7:05  Mutalisk  
  82  7:06  Mutalisk  
  86  7:08  Drone  
  86  7:09  Drone x4  
  86  7:13  Extractor  
  86  7:14  Extractor  
  86  7:15  Hatchery  
  88  7:36  Mutalisk x2  
  90  7:38  Drone x3  
  90  7:39  Drone  
  96  7:55  Mutalisk  
  96  7:56  Mutalisk  
  96  7:57  Drone  
  96  7:58  Drone x2  
  101  8:19  Mutalisk x2  
  103  8:21  Hatchery  
  104  8:27  Spire  
Show
View Real Time Build Order
Export as new Build Order

efelinto Protoss 

Build Orders:  

Get SALT Encoding   

  12  0:01  Probe (Chrono Boost)  
  13  0:11  Probe (Chrono Boost)  
  14  0:22  Pylon  
  14  0:24  Probe (Chrono Boost)  
  15  0:41  Probe (Chrono Boost)  
  16  0:43  Gateway  
  16  0:50  Assimilator  
  16  0:51  Probe (Chrono Boost)  
  16  0:55  Assimilator  
  17  1:02  Probe (Chrono Boost)  
  18  1:12  Probe (Chrono Boost)  
  19  1:23  Probe (Chrono Boost)  
  20  1:32  Pylon  
  20  1:33  Probe (Chrono Boost)  
  20  1:35  Cybernetics Core  
  21  1:44  Probe (Chrono Boost)  
  22  1:50  Pylon  
  22  1:54  Probe (Chrono Boost)  
  22  1:58  Warp Gate  
  23  2:02  Pylon  
  23  2:05  Probe (Chrono Boost)  
  23  2:07  Forge  
  24  2:17  Sentry  
  28  2:23  Mothership Core (Chrono Boost)  
  28  2:45  Nexus  
  28  2:55  Photon Cannon  
  28  3:08  Stalker  
  30  3:35  Gateway  
  30  3:37  Gateway  
  30  3:39  Gateway  
  30  3:47  Pylon  
  30  4:01  Stargate  
  30  4:06  Probe x2 (Chrono Boost)  
  34  4:17  Probe x2 (Chrono Boost)  
  34  4:23  Protoss Ground Weapons Level 1  
  34  4:27  Probe x2 (Chrono Boost)  
  34  4:29  Sentry  
  38  4:35  Stalker  
  38  4:36  Stalker x2  
  44  4:45  Probe x2 (Chrono Boost)  
  46  4:55  Probe x2 (Chrono Boost), Photon Cannon  
  48  5:04  Pylon  
  48  5:05  Zealot x2  
  52  5:09  Stalker  
  52  5:12  Probe (Chrono Boost)  
  55  5:16  Assimilator  
  55  5:23  Probe (Chrono Boost)  
  58  5:30  Probe (Chrono Boost)  
  61  5:48  Probe (Chrono Boost)  
  62  5:51  Probe (Chrono Boost)  
  62  5:54  Phoenix  
  61  6:07  Assimilator  
  61  6:16  Phoenix  
  60  6:21  Pylon  
  61  6:35  Stalker x2  
  61  6:36  Stalker x2  
  61  6:37  Phoenix  
  61  6:57  Photon Cannon  
  61  6:59  Phoenix  
  61  7:00  Photon Cannon  
  61  7:02  Photon Cannon  
  61  7:03  Photon Cannon  
  61  7:04  Probe (Chrono Boost)  
  61  7:06  Probe (Chrono Boost)  
  65  7:11  Stalker  
  65  7:13  Sentry  
  65  7:15  Probe (Chrono Boost)  
  70  7:18  Probe (Chrono Boost)  
  70  7:21  Phoenix  
  71  7:25  Probe (Chrono Boost)  
  75  7:30  Probe (Chrono Boost)  
  75  7:36  Probe (Chrono Boost)  
  76  7:42  Probe (Chrono Boost), Phoenix  
  70  7:58  Probe (Chrono Boost), Nexus  
  68  7:59  Probe (Chrono Boost)  
  68  8:02  Pylon  
  68  8:04  Pylon, Phoenix  
  68  8:08  Probe (Chrono Boost)  
  68  8:11  Probe (Chrono Boost)  
  72  8:14  Stargate  
  72  8:19  Probe (Chrono Boost)  
  73  8:24  Probe (Chrono Boost)  
  73  8:26  Phoenix  
  74  8:30  Probe (Chrono Boost)  
  78  8:36  Probe (Chrono Boost)  
  78  8:40  Mothership Core (Chrono Boost)  
  72  8:48  Probe (Chrono Boost)  
  60  8:57  Stalker x2  
Tags
 
Add a new tag
Caveats
  • Supply blocks, unpowered buildings, or Contaminate may cause inaccurate times.
  • Supply counts are checked every 10 seconds.